 Dungeon Crawl Stone Soup version 0.29-a0-923-g6e406bff71 (webtiles) character file.

Game seed: 152952342263130640

261 Elmgren the Trooper (level 5, -2/48 HPs)
             Began as a Minotaur Berserker on July 28, 2022.
             Was a Believer of Trog.
             Killed from afar by an orc wizard (9 damage)
             ... with a magic dart
             ... on level 3 of the Dungeon.
             The game lasted 00:04:27 (2263 turns).

Elmgren the Trooper (Minotaur Berserker)            Turns: 2263, Time: 00:04:27

Health: -2/48      AC:  5    Str: 24    XL:     5   Next: 96%
Magic:  4/4        EV: 12    Int:  4    God:    Trog [**....]
Gold:   147        SH:  0    Dex:  9    Spells: 4/4 levels left

rFire   . . .      SeeInvis .   a - +0 hand axe
rCold   . . .      Faith    .   (no shield)
rNeg    . . .      Spirit   .   i - +0 leather armour
rPois   .          Reflect  .   (helmet restricted)
rElec   .          Harm     .   (no cloak)
rCorr   .          Rampage  .   c - +0 pair of gloves
Will    .....                   b - +0 pair of boots
Stlth   +.........              (no amulet)
HPRegen 0.16/turn               (no ring)
MPRegen 0.09/turn               (no ring)

@: no status effects
A: horns 2, retaliatory headbutt
a: Renounce Religion, Berserk, Trog's Hand


You were on level 3 of the Dungeon.
You worshipped Trog.
Trog was pleased with you.
You visited 1 branch of the dungeon, and saw 4 of its levels.

You collected 147 gold pieces.

Inventory:

Hand Weapons
 a - a +0 hand axe (weapon)
Armour
 b - a +0 pair of boots (worn)
 c - a +0 pair of gloves (worn)
 i - a +0 leather armour (worn)
Scrolls
 d - 2 scrolls of identify {unknown}
 e - a scroll of fog {unknown}
 f - a scroll of noise {unknown}
 g - 2 scrolls of magic mapping {unknown}
 j - a scroll of immolation {unknown}
 l - 2 scrolls of torment {unknown}
Potions
 h - a potion of attraction {unknown}
 k - a potion of heal wounds {unknown}
 m - a potion of lignification {unknown}


   Skills:
 + Level 5.1 Fighting
 + Level 5.1 Axes
 + Level 4.2 Armour
 + Level 3.8 Dodging


You had 4 spell levels left.
You didn't know any spells.
Your spell library was empty.

Dungeon Overview and Level Annotations

Branches:
Dungeon (4/15)
 Temple: D:4-7

Altars:

Shops:
D:1 :


Innate Abilities, Weirdness & Mutations

You have a pair of horns on your head.
You reflexively headbutt those who attack you in melee.


Message History

The bat hits you but does no damage. The bat hits you.
* * * LOW HITPOINT WARNING * * *
The bat attacks as you move away! The bat closely misses you.
The bat barely misses you. You furiously retaliate!
You headbutt the bat, but do no damage. The bat hits you but does no damage.
The bat attacks as you move away! The bat misses you.
The bat barely misses you.
You open the door. The bat closely misses you.
The bat hits you but does no damage.
Found a scroll labelled GAELUR OBBIL IVU.
Found a whip.
The bat misses you. You furiously retaliate!
You headbutt the bat, but do no damage.
There is an open door here.
The bat closely misses you. You furiously retaliate!
You headbutt the bat!
You kill the bat!
Trog accepts your kill.
There is an open door here.
You see here a bat corpse.
As you close the door, pushing everything out of the way, it creaks loudly!
An orc wizard opens the door.
You see here a bat corpse.
The orc wizard points at you and mumbles some strange words.
You resist with some effort.
Things that are here:
a +0 flail; a +0 ring mail; an orc corpse The orc wizard points at you and mumbles some strange words.
You are confused.
You bump into the rock wall.
You bump into the rock wall.
You feel less confused.
You see here a rat corpse.
The orc wizard casts a spell at you. The magic dart hits you!
* * * LOW HITPOINT WARNING * * *
The orc wizard points at you and mumbles some strange words.
You resist with some effort.
The orc wizard points at you and mumbles some strange words.
The magic dart hits you!
You die...

...........#
#########.o#
#..# #oo#
#..# ##.#
###.########
#...........
#.#@########
#.#># +.#.#
###.# #.#
#.# #^# #.#
#.#


You could see an orc wizard and 2 orcs.

Vanquished Creatures
  A necrophage (D:4)
  A hound (D:4)
  An iguana (D:4)
  Natasha (D:2)
  Robin (D:2)
  2 adders
  A white imp (D:4)
  A dart slug (D:4)
  4 orcs
  5 ball pythons
  5 bats
  9 endoplasms
  3 giant cockroaches
  13 goblins
  5 hobgoblins
  2 jackals (D:4)
  4 kobolds
  3 quokkas
  3 frilled lizards
  6 rats
71 creatures vanquished.

Notes
Turn   | Place    | Note
-------+----------+-------------------------------------------
     0 | D:1      | Elmgren the Minotaur Berserker began the quest for the Orb.
     0 | D:1      | Reached XP level 1. HP: 19/19 MP: 0/0
    68 | D:1      | Reached XP level 2. HP: 23/27 MP: 1/1
   141 | D:1      | Found Muokhl Sizxav's Book Shop.
   669 | D:1      | Reached XP level 3. HP: 33/33 MP: 2/2
   901 | D:1      | Reached ** piety under Trog
  1118 | D:2      | Noticed Robin
  1128 | D:2      | Killed Robin
  1140 | D:2      | Reached XP level 4. HP: 23/41 MP: 3/3
  1149 | D:2      | Noticed Natasha
  1410 | D:2      | Killed Natasha
  1505 | D:2      | You fall into a shaft and drop 2 floors!
  1778 | D:4      | Noticed a necrophage
  1784 | D:4      | Killed a necrophage
  1785 | D:4      | Reached XP level 5. HP: 30/47 MP: 4/4
  2006 | D:4      | Reached skill level 5 in Fighting
  2006 | D:4      | Reached skill level 5 in Axes
  2263 | D:3      | Killed from afar by an orc wizard

Illustrated notes

Levels and vault maps discovered:
D:1:      zelgadis_glass_arrival_small, layout_loops_ring, serial_shops,
          nicolae_shop_behind_doors
D:2:      layout_basic, amcnicky_mini_pool_small, uniq_natasha, uniq_robin
D:3:      layout_basic
D:4:      layout_basic

Skill      XL: |  1  2  3  4  5 |
---------------+----------------+-----
Fighting       | 4 5 |  5.1
Axes           | 4 5 |  5.1
Armour         | 3 4 |  4.2
Dodging        | 3 |  3.8

Action                   |  1- 3 |  4- 6 || total
-------------------------+-------+-------++-------
Melee: Hand axe          |    84 |    60 ||   144
       Headbutt          |    18 |    16 ||    34
       Punch             |       |     1 ||     1
Armor: Animal skin       |    17 |       ||    17
       Leather armour    |     4 |    22 ||    26
Dodge: Dodged            |    43 |    47 ||    90

Table legend: (Time is in decaauts)
 A = Elapsed time spent in this place.
 B = Non-inter-level travel time spent in this place.
 C = Inter-level travel time spent in this place.
 D = Time resting spent in this place.
 E = Time spent auto-exploring this place.
 F = Levels seen in this place.
 G = Mean time per level.
                   A        B        C        D        E       F      G
               +--------+--------+--------+--------+--------+-----+--------+
         Total |   2274 |   2171 |    103 |    276 |   1494 |   4 |  568.5 |
       Dungeon |   2274 |   2171 |    103 |    276 |   1494 |   4 |  568.5 |
               +--------+--------+--------+--------+--------+-----+--------+

Top non-repeatable levels by time:
     D:1: 1102 daAuts
     D:4: 676 daAuts
     D:2: 410 daAuts
     D:3: 84 daAuts
